AoeStats
← TheKehribar

African Clearing

510624993Analyzed
4v4 RM · 9h ago on Oct 1, 2026· 84m 14s· 8 players
Game mode
Random Map
Map size
Large (8 player)
Population
200
Speed
Normal
Resources
Standard
Victory
Conquest
Starting age
Dark Age
Ending age
Imperial Age
RankedLock teamsTeams togetherTeam positionsShared explorationLock speedFull tech treeHidden civsTurbo modeCheats
Victory
Defeat
🇺🇸 Romans · United States
782
+15
🇨🇳 Georgians · China
767
+16
🇦🇷 Muisca · Argentina
737
+17
🇨🇱 Teutons · Chile
712
+19
🇹🇷 Huns · Türkiye
778
-17
🇪🇸 Huns · Spain
766
-16
🇪🇸 Byzantines · Spain
762
-17
🇰🇿 Wei · Kazakhstan
762
-17
Eyesoflies16
Metrallas
7:32 Loom
13:32 Feudal Age
15:01 Wheelbarrow
14:12 Double-Bit Axe
14:18 Gold Mining
15:19 Horse Collar
23:37 Castle Age
21:45 Stone Mining
22:26 Bloodlines
24:49 Hand Cart
24:48 Bow Saw
24:41 Heavy Plow
26:27 Gold Shaft Mining
27:33 Murder Holes
27:56 Masonry
29:46 Caravan
30:26 Husbandry
30:54 Scale Barding Armor
31:00 Forging
31:34 Marauders
33:22 Iron Casting
33:08 Chain Barding Armor
37:21 Imperial Age
37:11 Ballistics
37:34 Fletching
37:45 Padded Archer Armor
38:58 Conscription
40:06 Blast Furnace
40:55 Plate Barding Armor
40:07 Elite Tarkan
41:11 Squires
40:32 Pikeman
43:10 Town Watch
46:24 Parthian Tactics
46:55 Leather Archer Armor
46:35 Bodkin Arrow
47:25 Thumb Ring
48:44 Chemistry
51:39 Heavy Cavalry Archer
54:02 Halberdier
54:28 Arson
56:31 Scale Mail Armor
56:32 Bracer
59:25 Two-Man Saw
58:53 Chain Mail Armor
72:53 Atheism
76:09 Elite Skirmisher
79:02 Cavalier
79:05 Light Cavalry
81:12 Paladin
81:26 Capped Ram
83:13 Siege Ram
TheKehribar
7:41 Loom
18:42 Feudal Age
19:19 Gold Mining
20:09 Wheelbarrow
19:22 Double-Bit Axe
20:17 Stone Mining
27:32 Castle Age
26:41 Scale Barding Armor
26:47 Forging
29:10 Hand Cart
29:13 Bow Saw
29:40 Gold Shaft Mining
29:19 Thumb Ring
30:03 Husbandry
30:14 Bloodlines
31:46 Fletching
31:56 Padded Archer Armor
34:08 Leather Archer Armor
33:49 Bodkin Arrow
34:15 Chain Barding Armor
34:30 Iron Casting
34:17 Horse Collar
34:26 Town Watch
36:37 Ballistics
40:37 Imperial Age
38:50 Heavy Plow
41:46 Parthian Tactics
41:44 Bracer
43:18 Heavy Cavalry Archer
48:04 Masonry
48:58 Chemistry
54:35 Marauders
54:01 Cavalier
55:19 Plate Barding Armor
55:45 Blast Furnace
55:40 Arson
55:57 Squires
55:19 Pikeman
57:11 Two-Man Saw
57:02 Caravan
57:44 Halberdier
69:04 Paladin
72:16 Light Cavalry
ageofscarlet
M3TAL JUNKI3xXx
sebajr10
17:04 Feudal Age
18:23 Wheelbarrow
19:25 Double-Bit Axe
27:21 Castle Age
25:26 Gold Mining
25:27 Stone Mining
27:12 Forging
27:08 Scale Barding Armor
28:06 Bloodlines
28:17 Hand Cart
28:31 Bow Saw
30:16 Iron Casting
33:26 Chain Barding Armor
37:26 Stone Shaft Mining
37:31 Horse Collar
42:29 Imperial Age
42:13 Ironclad
41:43 Loom
41:43 Town Watch
42:44 Cavalier
44:48 Paladin
46:33 Blast Furnace
46:45 Plate Barding Armor
45:52 Heavy Scorpion
51:01 Ballistics
51:41 Chemistry
57:46 Two-Man Saw
59:38 Elite Teutonic Knight
69:48 Scale Mail Armor
69:55 Squires
69:40 Gambesons
72:50 Chain Mail Armor
cold hand
16:59 Feudal Age
18:13 Loom
18:13 Horse Collar
18:21 Double-Bit Axe
24:05 Castle Age
22:34 Stone Mining
24:02 Gold Mining
25:31 Heavy Plow
26:27 Bow Saw
27:20 Wheelbarrow
27:18 Treadmill Crane
32:55 Imperial Age
31:11 Fervor
32:24 Stone Shaft Mining
33:48 Caravan
34:43 Hand Cart
34:14 Town Watch
36:37 Masonry
36:49 Ballistics
36:15 Arrowslits
37:33 Chemistry
36:19 Arrowslits
37:40 Town Patrol
38:24 Crop Rotation
40:04 Conscription
40:03 Svan Towers
40:05 Aznauri Cavalry
43:12 Elite Monaspa
46:01 Scale Barding Armor
46:07 Forging
46:02 Husbandry
47:09 Bloodlines
47:33 Architecture
47:09 Siege Engineers
47:01 Murder Holes
47:28 Devotion
47:24 Herbal Medicine
48:47 Coinage
50:13 Chain Barding Armor
50:29 Iron Casting
54:27 Plate Barding Armor
54:53 Blast Furnace
53:59 Light Cavalry
55:38 Fletching
61:43 Capped Ram
62:51 Bodkin Arrow
64:51 Banking
66:22 Heavy Scorpion
68:21 Hussar
76:24 Siege Ram
84:12 Hoardings
braian4400
15:17 Feudal Age
16:13 Champi Runner
18:05 Double-Bit Axe
24:22 Castle Age
24:38 Scale Mail Armor
24:49 Forging
25:02 Town Watch
25:56 Wheelbarrow
25:07 Town Watch
25:07 Loom
25:18 Fletching
25:28 Padded Archer Armor
25:18 Horse Collar
32:19 Gold Mining
32:31 Heavy Plow
32:51 Squires
37:44 Stone Mining
40:49 Imperial Age
38:39 Hand Cart
38:53 Treadmill Crane
39:58 Chain Mail Armor
40:18 Iron Casting
40:51 Elite Temple Guard
40:57 Elite Temple Guard
43:39 Pikeman
49:24 Ballistics
52:27 Chemistry
51:51 Bodkin Arrow
69:59 Gold Shaft Mining
71:31 Plate Mail Armor
75:08 Elite Guecha Warrior
76:43 Conscription
Connection lost

Rejoining the realm…

Still unreachable

The connection could not be restored.

Session expired

The server has moved on; the page needs a fresh start.